 Dungeon Crawl Stone Soup version 0.25-a0-35-g747a2b3c0c (webtiles) character file.

Game seed: 16292454015312302615, levelgen mode: deterministic

2253 Arixos the Skirmisher (level 9, -14/71 HPs)
             Began as a Demonspawn Monk on Oct 18, 2019.
             Was an Elder of Ru.
             Demolished by a manticore (18 damage)
             ... on level 12 of the Dungeon on Oct 19, 2019.
             The game lasted 00:47:37 (9459 turns).

Arixos the Skirmisher (Demonspawn Monk)             Turns: 9459, Time: 00:47:38

Health: -14/71     AC: 11    Str: 14    XL:     9   Next: 15%
Magic:  16/16      EV: 14    Int: 13    God:    Ru [****..]
Gold:   623        SH:  3    Dex: 17    Spells: 13/17 levels left

rFire    . . .     SeeInvis .     - Unarmed
rCold    + . .     Gourm    .   (no shield)
rNeg     . . .     Faith    .   j - +3 ring mail
rPois    .         Spirit   .   (no helmet)
rElec    .         Reflect  +   C - +0 cloak
rCorr    +         Harm     .   (gloves unavailable)
MR       .....     Clarity  +   (no boots)
Stlth    +.........             A - +3 amulet of reflection
HPRegen  0.21/turn              n - +2 ring of strength
MPRegen  0.15/turn              r - ring of resist corrosion

@: exhausted, lightly drained
A: claws 3, clarity, cold resistance 1, sense surroundings 1, powered by pain 2,
shaggy fur 1, no fire magic, no hexes magic, no summoning magic, inexperienced 1
a: Draw Out Power, Power Leap, Renounce Religion


You were on level 12 of the Dungeon.
You worshipped Ru.
Ru was greatly pleased with you.
You were very hungry.

You visited 2 branches of the dungeon, and saw 12 of its levels.

You collected 623 gold pieces.

Inventory:

Missiles
 z - 21 poisoned darts (quivered)
Armour
 j - a +3 ring mail (worn)
 C - a +0 cloak (worn)
Jewellery
 n - a +2 ring of strength (left claw)
 r - a ring of resist corrosion (right claw)
 A - a +3 amulet of reflection (around neck)
Wands
 h - a wand of random effects (29)
 B - a wand of scattershot (12)
 F - a wand of acid (7)
Scrolls
 c - 6 scrolls of teleportation {unknown}
 d - a scroll of amnesia {unknown}
 g - 9 scrolls of identify {unknown}
 k - 8 scrolls of remove curse {unknown}
 l - 2 scrolls of fog {unknown}
 t - a scroll of immolation {unknown}
 u - 2 scrolls of blinking {unknown}
 y - a scroll of noise {unknown}
 D - a scroll of magic mapping {unknown}
 E - a scroll of enchant weapon {unknown}
Potions
 a - a potion of might
 e - a potion of cancellation
 f - 2 potions of lignification {unknown}
 i - 2 potions of mutation
 m - 2 potions of heal wounds {unknown}
 o - a potion of flight
 p - a potion of agility {unknown}
 q - 2 potions of brilliance
 s - 3 potions of curing
 v - a potion of invisibility {unknown}
 w - 2 potions of degeneration {unknown}
 x - a potion of magic {unknown}
 G - a potion of haste
Comestibles
 b - 15 rations


   Skills:
 + Level 6.5(6.1) Fighting
 + Level 5.2(4.8) Armour
 + Level 6.0(5.6) Dodging
 - Level 1.7(1.4) Stealth
 + Level 5.8(5.5) Unarmed Combat
 + Level 4.7(4.3) Spellcasting
 + Level 4.8(4.5) Transmutations
 - Level 4.0(3.6) Poison Magic


You had 13 spell levels left.
You knew the following spells:

 Your Spells              Type           Power        Failure   Level  Hunger
a - Beastly Appendage     Tmut           ##....       6%          1    None
s - Spider Form           Tmut/Pois      ##........   22%         3    ###....

Your spell library contained the following spells:

 Spells                   Type           Power        Failure   Level  Hunger
 Sticks to Snakes         Tmut           ##......     9%          2    ##.....
 Magic Dart               Conj           #...         36%         1    None
 Searing Ray              Conj           #.....       50%         2    ##.....
 Ice Form                 Ice/Tmut       #.......     83%         4    ####...
 Blade Hands              Tmut           ##........   86%         5    ######.
 Force Lance              Conj/Tloc      #.......     98%         4    ####...
 Iskenderun's Mystic Bla  Conj           #.......     98%         4    ####...
 Dazzling Spray           Conj/Hex       Unusable     N/A         3    N/A
 Fulminant Prism          Conj/Hex       Unusable     N/A         4    N/A

Dungeon Overview and Level Annotations

Branches:
Dungeon (10/15)            Temple (1/1) D:6
   Lair: D:8-11         Orc: D:9-12

Altars:
Ashenzari
Cheibriados
Dithmenos
Elyvilon
Fedhas
Gozag
Hepliaklqana
Kikubaaqudgha
Makhleb
Nemelex Xobeh
Okawaru
Qazlal
Ru
Sif Muna
Trog
Uskayaw
Vehumet
Wu Jian
Xom
Yredelemnul
Zin
The Shining One

Shops:
D:4 ?

Annotations:
D:6 1 runed translucent door
D:7 1 runed translucent door, sking99's ghost, novice DrTm
D:8 2 transporters
D:10 2 runed translucent doors, pantherbaby's ghost, journeyman GnWz


Innate Abilities, Weirdness & Mutations

You have claws for hands.
Your flesh is cold resistant. (rC+)
You sometimes gain power by taking damage.
You cannot study or cast Fire magic.
You cannot study or cast Hexes magic.
You cannot study or cast Summoning magic.
You are somewhat inexperienced. (-2 XL)
You possess an exceptional clarity of mind.
You passively map a small area around you.
You are covered in fur. (AC +1)


Message History

You hit the manticore.
The manticore is heavily wounded.
You bite the manticore!
The manticore looks as sick as possible!
The manticore is severely wounded.
Your transformation is almost over.
The manticore bites you!
* * * LOW HITPOINT WARNING * * *
You block the manticore's attack. The manticore barely misses you.
The orc priest miscasts a cantrip.
Okay, then.
It was a potion of cancellation.
Your magical effects are unravelling.
You feel magically purged.
Your transformation has ended.
Your +0 cloak unmelds from your body.
Your +3 ring mail unmelds from your body.
You feel a little less mighty now.
You feel a little less clever now. The manticore bites you!!
You die...

## #############
#.##.....H.o.).#######
#.#.########.........
, #.o# #..#######
##H## *#..# ** # ##@#*
....., # #†##
*###.(###, ## ** #..
#..# #.##. * #... ,
...., #... ,#.#.. * ,
#..* #.#.. ,###.. *,
#,#.# * #^. , * #.# ,
#.. ,* ,# #.# * ,
.##.#.#


You could see a manticore and an orc priest.

Vanquished Creatures
  A freezing wraith (D:9)
  A meliai (D:9)
  Sigmund (D:4)
  Eustachio (D:5)
  Duvessa (D:4)
  2 black bears
  2 ice beasts (D:7)
  A necrophage (D:9)
  4 phantoms
  2 orc warriors
  4 ogres
  A centaur (D:7)
  A crocodile (D:7)
  3 bullfrogs
  Dowan (D:4)
  5 killer bees (D:8)
  A howler monkey (D:5)
  6 crimson imps
  2 centaur zombies
  A quasit (D:5)
  2 orc wizards
  A bullfrog skeleton (D:10)
  3 orc priests
  Crazy Yiuf (D:7)
  A centaur skeleton (D:4)
  3 hounds
  A jelly (D:8)
  A hell rat (D:8)
  9 worker ants
  2 hound skeletons
  2 worker ant zombies
  7 river rats (D:8)
  4 adders
  2 shadow imps
  4 worms
  2 dart slugs (D:1)
  4 leopard geckos
  32 orcs
  A ball python (D:1)
  6 bats
  8 giant cockroaches
  7 goblins
  3 hobgoblins
  6 jackals
  9 kobolds
  8 quokkas
  6 frilled lizards
  2 leopard gecko skeletons (D:4)
  17 rats
195 creatures vanquished.

Vanquished Creatures (others)
  A centaur (D:9)
1 creature vanquished.

Grand Total: 196 creatures vanquished

Notes
Turn   | Place    | Note
-------+----------+-------------------------------------------
     0 | D:1      | Arixos the Demonspawn Monk began the quest for the Orb.
     0 | D:1      | Reached XP level 1. HP: 18/18 MP: 1/1
   310 | D:1      | Gained mutation: You have sharp fingernails. [demonic
                  | ancestry]
   310 | D:1      | Reached XP level 2. HP: 12/24 MP: 2/2
   706 | D:1      | Reached skill level 1 in Armour
  1100 | D:1      | You fall into a shaft and drop 1 floor!
  1204 | D:2      | Gained mutation: You sometimes gain a little power by
                  | taking damage. [demonic ancestry]
  1204 | D:2      | Reached XP level 3. HP: 13/29 MP: 3/3
  1393 | D:2      | Found a white marble altar of Elyvilon.
  1989 | D:3      | Learned a level 1 spell: Beastly Appendage
  2030 | D:3      | Found a faded altar of an unknown god.
  2059 | D:3      | Gained mutation: Your flesh is cold resistant. (rC+)
                  | [demonic ancestry]
  2059 | D:3      | Reached XP level 4. HP: 15/36 MP: 4/4
  2075 | D:3      | Found a hide-covered altar of Uskayaw.
  2670 | D:3      | Gained mutation: You sometimes gain power by taking damage.
                  | [demonic ancestry]
  2670 | D:3      | Reached XP level 5. HP: 25/42 MP: 3/6
  3278 | D:4      | Found Ydetwot's Magic Scroll Emporium.
  3295 | D:4      | Noticed Sigmund
  3341 | D:4      | Killed Sigmund
  3341 | D:4      | Reached skill level 1 in Spellcasting
  3341 | D:4      | Reached skill level 1 in Transmutations
  3341 | D:4      | Reached XP level 6. HP: 22/48 MP: 2/8
  3625 | D:4      | Noticed Duvessa
  3630 | D:4      | Noticed Dowan
  3633 | D:4      | Killed Duvessa
  3633 | D:4      | Gained mutation: You have very sharp fingernails. [demonic
                  | ancestry]
  3633 | D:4      | Reached XP level 7. HP: 23/55 MP: 6/10
  3651 | D:4      | Killed Dowan
  3858 | D:4      | You fall into a shaft and drop 2 floors!
  3883 | D:6      | Found a glowing golden altar of the Shining One.
  3883 | D:6      | Found a runed translucent door.
  3883 | D:6      | Noticed an angel
  3983 | D:5      | Entered Level 5 of the Dungeon
  4623 | D:4      | Learned a level 3 spell: Spider Form
  4660 | D:4      | Gained mutation: You have claws for hands. [demonic
                  | ancestry]
  4660 | D:4      | Reached XP level 8. HP: 44/61 MP: 10/12
  5200 | D:5      | Reached skill level 5 in Fighting
  5221 | D:5      | Noticed Eustachio
  5237 | D:5      | Killed Eustachio
  5237 | D:5      | Reached skill level 1 in Poison Magic
  5630 | D:6      | Found a staircase to the Ecumenical Temple.
  5639 | Temple   | Entered the Ecumenical Temple
  5661 | Temple   | Became a worshipper of Ru the Awakened
  5687 | D:6      | Gained mutation: You cannot study or cast Fire magic. [Ru
                  | sacrifice]
  5687 | D:6      | Gained mutation: You cannot study or cast Hexes magic. [Ru
                  | sacrifice]
  5687 | D:6      | Gained mutation: You cannot study or cast Summoning magic.
                  | [Ru sacrifice]
  5687 | D:6      | Reached * piety under Ru
  6357 | D:7      | Found a stormy altar of Qazlal.
  6446 | D:7      | Reached skill level 5 in Dodging
  6595 | D:7      | Reached skill level 5 in Unarmed Combat
  6743 | D:7      | Found a runed translucent door.
  6744 | D:7      | Noticed sking99's ghost (novice DrTm)
  6793 | D:7      | Reached XP level 9. HP: 57/68 MP: 12/14
  6915 | D:7      | Found a runed translucent door.
  6916 | D:7      | Noticed Crazy Yiuf
  6923 | D:7      | Killed Crazy Yiuf
  7316 | D:8      | Found a basalt altar of Yredelemnul.
  7316 | D:8      | Found an ancient bone altar of Kikubaaqudgha.
  7317 | D:8      | Noticed a death knight
  7319 | D:8      | Noticed a death knight
  7378 | D:8      | Found a transporter.
  7378 | D:8      | Found a transporter.
  7740 | D:8      | Gained mutation: You are somewhat inexperienced. (-2 XL)
                  | [Ru sacrifice]
  7740 | D:8      | Reached XP level 8. HP: 64/64 MP: 13/13
  7740 | D:8      | Reached XP level 7. HP: 57/57 MP: 12/12
  7740 | D:8      | Reached ** piety under Ru
  7740 | D:8      | Reached *** piety under Ru
  7740 | D:8      | Reached **** piety under Ru
  8269 | D:9      | Reached XP level 8. HP: 54/64 MP: 10/14
  8609 | D:9      | Noticed a meliai
  8609 | D:9      | Noticed an efreet
  8609 | D:9      | Noticed a freezing wraith
  8623 | D:9      | Killed a meliai
  8623 | D:9      | Reached skill level 5 in Armour
  8918 | D:9      | Killed a freezing wraith
  8918 | D:9      | Reached XP level 9. HP: 44/71 MP: 2/15
  8923 | D:9      | Gained mutation: You are covered in fur. (AC +1) [potion of
                  | mutation]
  8923 | D:9      | Gained mutation: You passively map a small area around you.
                  | [potion of mutation]
  8923 | D:9      | Gained mutation: You possess an exceptional clarity of
                  | mind. [potion of mutation]
  8927 | D:9      | HP: 3/71 [efreet/bolt of fire (23)]
  8929 | D:10     | Entered Level 10 of the Dungeon
  9314 | D:10     | Found a large runed translucent door.
  9314 | D:10     | Found a large runed translucent door.
  9315 | D:10     | Noticed pantherbaby's ghost (journeyman GnWz)
  9316 | D:10     | Found the +8 trident of the Octopus King {venom, rElec
                  | rPois MR+}
  9358 | D:10     | You fall into a shaft and drop 2 floors!
  9403 | D:12     | Noticed a manticore
  9459 | D:12     | Demolished by a manticore

Levels and vault maps discovered:
D:1:      dpeg_arrival_rhombi, layout_loops_ring
D:2:      layout_basic, lemuel_doored_altar, serial_park_tiny_2
D:3:      layout_basic, eat_drink_and_be_merry_uskayaw,
          chequers_ecumenical_altar_twisty, first_ration,
          roderic_serpentine_path
D:4:      layout_loops_ring, serial_shops, nicolae_shop_window_shopping,
          kennysheep_small_square, uniq_sigmund, uniq_duvessa
D:5:      layout_basic, gup_sewer_entry_glass, st_stairs_9, uniq_eustachio
D:6:      layout_basic, minmay_temple_entry_waves, lemuel_angel_altar
D:7:      layout_basic, gammafunk_ghost_grave, grunt_qazlal_clouds,
          uniq_crazy_yiuf_cottage
D:8:      lemuel_ratsnest, layout_rooms, gammafunk_temple_of_torment
D:9:      minmay_the_grid_triangle_9x9_recursive_2_mashed
          [minmay_the_grid_triangle_9x9_prize_center,
          minmay_the_grid_triangle_9x9_corrupted_corridor,
          minmay_the_grid_triangle_9x9_impossible_snake,
          minmay_the_grid_triangle_9x9_swiss_cheese], layout_basic
D:10:     layout_irregular_city, david_lair_generic, ebering_ghost_disaster_area
D:12:     layout_loops_ring, hiddenorc2_lemuel, gammafunk_ghost_nasty_kobolds
Temple:   nicolae_temple_no_exploring_needed

Skill      XL: |  1  2  3  4  5  6  7  8  9 |
---------------+----------------------------+-----
Dodging        | 3 4 5 6 |  6.0
Armour         | 1 2 3 5 |  5.2
Unarmed Combat | 3 4 5 |  5.8
Fighting       | 4 6 5 |  6.5
Spellcasting   | 1 2 4 3 |  4.7
Transmutations | 1 2 3 4 |  4.8
Poison Magic   | 3 2 4 |  4.0
Stealth        | |  1.7

Action                   |  1- 3 |  4- 6 |  7- 9 || total
-------------------------+-------+-------+-------++-------
Melee: Unarmed           |   163 |   123 |   537 ||   823
       Punch             |     2 |     1 |     7 ||    10
       Headbutt          |     1 |     4 |    16 ||    21
       Kick              |       |     6 |    49 ||    55
 Cast: Beastly Appendage |     2 |     9 |    33 ||    44
       Spider Form       |       |       |    11 ||    11
Invok: Draw Out Power    |       |       |     2 ||     2
       Sacrifice Experie |       |       |     1 ||     1
       Power Leap        |       |       |     1 ||     1
       Sacrifice Arcana  |       |       |     1 ||     1
 Abil: Evoke Berserk Rag |     1 |       |       ||     1
  Use: Potion            |       |     2 |     5 ||     7
 Stab: Sleeping          |     8 |     1 |     7 ||    16
       Invisible         |       |       |     5 ||     5
       Distracted        |       |       |     2 ||     2
  Eat: Chunk             |     5 |     2 |    16 ||    23
       Ration            |       |     1 |     1 ||     2
Armor: Robe              |    34 |       |       ||    34
       Ring mail         |       |    46 |   118 ||   164
       Skin              |       |       |     1 ||     1
Dodge: Dodged            |   109 |    62 |   353 ||   524
Block: Other             |       |       |    30 ||    30
       Reflection        |       |       |     3 ||     3

Table legend:
 A = Non-vault XP
 B = Vault XP
 C = Vault XP percentage of total XP
 D = Non-vault monster count
 E = Vault monster count
 F = Vault count percentage of total count
                 A         B        C        D         E       F
            +---------+---------+-------+---------+---------+-------
      Total |    3935 |    1856 |  32.0 |     138 |      58 |  29.6
            +---------+---------+-------+---------+---------+-------
        D:1 |      39 |       0 |   0.0 |      20 |       0 |   0.0
        D:2 |      53 |       0 |   0.0 |      19 |       0 |   0.0
        D:3 |     108 |       0 |   0.0 |      15 |       0 |   0.0
        D:4 |     527 |     460 |  46.6 |      19 |       4 |  17.4
        D:5 |     467 |     355 |  43.2 |      17 |       7 |  29.2
        D:6 |      54 |       0 |   0.0 |       4 |       0 |   0.0
        D:7 |     843 |      40 |   4.5 |      13 |       1 |   7.1
        D:8 |     734 |     168 |  18.6 |      14 |      27 |  65.9
        D:9 |     897 |     752 |  45.6 |      13 |       4 |  23.5
       D:10 |     120 |       0 |   0.0 |       3 |       0 |   0.0
       D:12 |      93 |      81 |  46.6 |       1 |      15 |  93.8
            +---------+---------+-------+---------+---------+-------
